 Dungeon Crawl Stone Soup version 0.31-a0-795-g5eb97db20b (webtiles) character file.

Game seed: 16946789844783906225

938 Maratek the Thaumaturge (level 7, -8/36 HPs)
             Began as a Deep Elf Fire Elementalist on Sept 18, 2023.
             Was an Initiate of Vehumet.
             Killed themself with a badly aimed concussive blast (15 damage)
             ... on level 5 of the Dungeon.
             The game lasted 00:16:26 (5416 turns).

Maratek the Thaumaturge (DEFE)                      Turns: 5416, Time: 00:16:27

Health: -8/36      AC:  3    Str:  5    XL:     7   Next: 87%
Magic:  8/21       EV: 13    Int: 22    God:    Vehumet [......]
Gold:   186        SH:  0    Dex: 15    Spells: 17/23 levels left

rFire   + . .        r - +3 dagger (venom)
rCold   x . .        (no shield)
rNeg    . . .        a - +0 robe
rPois   .            (no helmet)
rElec   .            (no cloak)
rCorr   .            l - +0 pair of gloves
SInv    +            (no boots)
Will    .....        (no amulet)
Stlth   +++          c - ring of fire
HPRegen 0.26/turn    n - ring of see invisible
MPRegen 0.17/turn

%: no passive effects
@: lethally poisoned (-8 -> -10)
A: no striking features
a: Renounce Religion


You were on level 5 of the Dungeon.
You worshipped Vehumet.
Vehumet was noncommittal.
You visited 2 branches of the dungeon, and saw 6 of its levels.

You collected 186 gold pieces.

Inventory:

Hand Weapons
 r - a +3 dagger of venom (weapon)
Armour
 a - a +0 robe (worn)
 l - a +0 pair of gloves (worn)
Jewellery
 c - a ring of fire (left hand)
 n - a ring of see invisible (right hand)
 q - a +4 ring of slaying
 t - a +6 ring of strength
Wands
 k - a wand of flame (16)
 m - a wand of polymorph (10)
 o - a wand of iceblast (12)
Scrolls
 d - a scroll of amnesia
 f - 2 scrolls of enchant armour
 h - a scroll of teleportation
 p - a scroll of enchant weapon
 s - a scroll of identify
Potions
 b - a potion of magic
 e - 4 potions of resistance {unknown}
 g - 2 potions of ambrosia {unknown}
 j - 2 potions of brilliance {unknown}
 u - a potion of attraction {unknown}


   Skills:
 + Level 2.8 Dodging
 + Level 3.8 Stealth
 + Level 8.6 Spellcasting
 + Level 1.2 Conjurations
 + Level 0.5 Translocations
 + Level 7.2 Fire Magic
 + Level 0.3 Evocations


You had 17 spell levels left.
You knew the following spells:

 Your Spells              Type           Power      Damage    Failure   Level
a - Foxfire               Conj/Fire      100%       2x1d9     1%          1
b - Scorch                Fire           100%       2d9       1%          2
c - Volatile Blastmotes   Fire/Tloc      78%        2d16      4%          3

Your spell library contained the following spells:

 Spells                   Type           Power      Damage    Failure   Level
 Inner Flame              Hex/Fire       38%        N/A       4%          3
 Summon Small Mammal      Summ           36%        N/A       7%          1
 Flame Wave               Conj/Fire      42%        2d11      12%         4
 Sticky Flame             Conj/Fire      42%        2d6       12%         4
 Call Canine Familiar     Summ           9%         N/A       22%         3
 Frozen Ramparts          Ice            18%        1d3       22%         3
 Summon Guardian Golem    Hex/Summ       9%         N/A       22%         3
 Petrify                  Tmut/Erth      9%         N/A       56%         4
 Metabolic Englaciation   Hex/Ice        4%         N/A       89%         5


Dungeon Overview and Level Annotations

Branches:
Dungeon (5/15)             Temple (1/1) D:4

Altars:
Ashenzari
Cheibriados
Elyvilon
Fedhas
Hepliaklqana
Kikubaaqudgha
Makhleb
Nemelex Xobeh
Qazlal
Ru
Trog
Uskayaw
Vehumet
Wu Jian
Yredelemnul
Zin

Shops:
D:5 !


Message History

Things that are here:
a +0 club; a gnoll corpse
Casting: Scorch (safe; 1% risk of failure)
Press: ? - help, Q - select action, (/) - cycle Dir - look around, f - activate
Okay, then.
You feel very sick.
The kobold brigand throws a poisoned dart.
The poisoned dart hits you!
You are more poisoned.
Casting: Scorch (safe; 1% risk of failure)
Confirm with . or Enter, or press ? or * to list all spells.
You feel a surge of power!
A cloud of volatile blastmotes flares up around you!
You feel very sick.
You feel very sick.
You feel very sick.
Things that are here:
a +0 trident; a +0 scale mail; a +0 buckler You feel very sick.
You feel sick.
The cloud of blastmotes explodes!
The concussive blast engulfs the kobold brigand!!
You kill the kobold brigand!
Vehumet accepts your kill.
You hear an angry growl.
You hear a shout!
Your Fire Magic skill increases to level 7!
You feel sick.
You feel sick. The black bear barely misses you. The black bear misses you.
The black bear claws you.
Casting: Volatile Blastmotes (dangerous; 4% risk of failure)
Confirm with . or Enter, or press ? or * to list all spells.
You feel a surge of power!
A cloud of volatile blastmotes flares up around you!
You feel sick. The black bear bites you.
* * * LOW HITPOINT WARNING * * *
The black bear barely misses you. x2
You feel sick.
The cloud of blastmotes explodes!
The concussive blast engulfs the black bear!!
The black bear is severely wounded.
The concussive blast engulfs you! You resist.
You die...

# #....#.#
.s.....K).
#.#..#.#.#
...#.#.###
#........# # #.
####)##### .. #)#
##. #.# ## #.#
#.########
#.h@..)..#
########)######.#
#.)K)K...#
########## #


You could see a black bear.

Vanquished Creatures
  Sigmund (D:5)
  An ogre (D:5)
  A phantom (D:5)
  A kobold brigand (D:5)
  Blork the orc (D:5)
  A gnoll sergeant (D:5)
  A scorpion (D:5)
  The ghost of WhatIsLove the Trooper, a weakling HOMo of Beogh (D:3)
  A hound (D:5)
  2 jellies (D:5)
  Terence (D:3)
  An iguana (D:4)
  An orc wizard (D:4)
  3 gnolls (D:5)
  3 adders
  A shadow imp (D:5)
  An ufetubus (D:4)
  A worm (D:2)
  2 dart slugs
  6 orcs
  A bat (D:1)
  5 endoplasms
  3 giant cockroaches (D:1)
  7 goblins
  8 hobgoblins
  5 jackals
  8 kobolds
  A quokka (D:2)
  4 ball pythons
  6 frilled lizards
  3 rats (D:2)
82 creatures vanquished.

Vanquished Creatures (others)
  53 foxfires
53 creatures vanquished.

Grand Total: 135 creatures vanquished

Notes
Turn   | Place    | Note
-------+----------+-------------------------------------------
     0 | D:1      | Maratek the Deep Elf Fire Elementalist began the quest for
                  | the Orb.
     0 | D:1      | Reached XP level 1. HP: 10/10 MP: 6/6
   268 | D:1      | Reached XP level 2. HP: 15/15 MP: 4/8
  1188 | D:1      | Learned a level 2 spell: Scorch
  1468 | D:2      | Reached skill level 4 in Spellcasting
  1468 | D:2      | Reached XP level 3. HP: 17/19 MP: 4/10
  2340 | D:3      | Reached XP level 4. HP: 24/24 MP: 7/12
  2886 | D:3      | Found a large runed translucent door.
  2886 | D:3      | Found a large runed translucent door.
  2887 | D:3      | Noticed WhatIsLove's ghost (weakling HOMo)
  3070 | D:3      | Noticed Terence
  3076 | D:3      | Killed Terence
  3455 | D:3      | Killed WhatIsLove's ghost
  3456 | D:3      | Reached skill level 5 in Fire Magic
  3456 | D:3      | Reached XP level 5. HP: 11/28 MP: 2/14
  3753 | D:4      | Reached skill level 5 in Spellcasting
  4164 | D:4      | Found a staircase to the Ecumenical Temple.
  4180 | Temple   | Entered the Ecumenical Temple
  4403 | D:5      | Entered Level 5 of the Dungeon
  4403 | D:5      | Noticed an ogre
  4437 | D:5      | Found a stormy altar of Qazlal.
  4438 | D:5      | Found a radiant altar of Vehumet.
  4442 | D:5      | Found an ornate altar of the Wu Jian Council.
  4449 | D:5      | Became a worshipper of Vehumet
  4497 | D:5      | Reached skill level 6 in Spellcasting
  4497 | D:5      | Reached XP level 6. HP: 32/32 MP: 10/17
  4589 | D:5      | Noticed Sigmund
  4745 | D:5      | Found Tiuchita's Distillery.
  4771 | D:5      | Killed Sigmund
  4772 | D:5      | Reached skill level 7 in Spellcasting
  4772 | D:5      | Reached XP level 7. HP: 32/36 MP: 6/20
  4933 | D:5      | Noticed Blork the orc
  4938 | D:5      | Killed Blork the orc
  4939 | D:5      | Reached skill level 8 in Spellcasting
  5058 | D:5      | Found a glowing silver altar of Zin.
  5063 | D:5      | Learned a level 3 spell: Volatile Blastmotes
  5416 | D:5      | Killed themself with a badly aimed concussive blast

Illustrated notes

Levels and vault maps discovered:
D:1:      lemuel_arrival_river_ford, layout_loops_ring
D:2:      layout_rooms, kennysheep_potato
D:3:      layout_loops_corners, ebering_ghost_disaster_area,
          serial_park_tiny_pond, uniq_terence
D:4:      layout_rooms, minmay_temple_entry_glassed_door,
          mrwooster_statue_mirror, hangedman_abyss_or_decor_passed
D:5:      layout_loops_cross, grunt_temple_overflow_open,
          mainiacjoe_overflow_chevrons, old_standard_altar, serial_shops, shop,
          uniq_blork_the_orc, uniq_sigmund
Temple:   chequers_temple_sunken

Skill      XL: |  1  2  3  4  5  6  7 |
---------------+----------------------+-----
Spellcasting   | 4 6 7 8 |  8.6
Fire Magic     | 4 5 6 7 |  7.2
Stealth        | 3 |  3.8
Dodging        | |  2.8
Conjurations   | |  1.2
Translocations | |  0.5
Evocations     | |  0.3

Action                     |  1- 3 |  4- 6 |  7- 9 || total
---------------------------+-------+-------+-------++-------
  Melee: Unarmed           |     3 |       |       ||     3
   Cast: Foxfire           |    37 |     4 |       ||    41
         Scorch            |    31 |    54 |    13 ||    98
         Volatile Blastmot |       |       |    13 ||    13
  Evoke: Wand              |       |     2 |       ||     2
    Use: Scroll            |       |     9 |     2 ||    11
 Armour: Robe              |    15 |    12 |    10 ||    37
  Dodge: Dodged            |    22 |    16 |    12 ||    50

Table legend: (Time is in decaauts)
 A = Elapsed time spent in this place.
 B = Non-inter-level travel time spent in this place.
 C = Inter-level travel time spent in this place.
 D = Time resting spent in this place.
 E = Time spent auto-exploring this place.
 F = Levels seen in this place.
 G = Mean time per level.
                   A        B        C        D        E       F      G
               +--------+--------+--------+--------+--------+-----+--------+
         Total |   5433 |   5256 |    177 |    819 |   3595 |   6 |  905.5 |
       Dungeon |   5361 |   5228 |    133 |    819 |   3595 |   5 | 1072.2 |
        Temple |     72 |     28 |     44 |      0 |      0 |   1 |   72.0 |
               +--------+--------+--------+--------+--------+-----+--------+

Top non-repeatable levels by time:
     D:3: 1274 daAuts
     D:1: 1203 daAuts
     D:2: 1134 daAuts
     D:5: 980 daAuts
     D:4: 767 daAuts
  Temple: 72 daAuts
